 Dungeon Crawl Stone Soup version 0.31.0-11-ge490571c62 (webtiles) character file.

Game seed: 13797759716732641947

24850 sanka the Zephyrmancer (level 13, -2/86 (87) HPs)
             Began as a Tengu Air Elementalist on Jan 26, 2024.
             Was an Elder of Vehumet.
             Slain by a sun demon (9 damage)
             ... on level 11 of the Dungeon on Jan 27, 2024.
             The game lasted 00:42:15 (19897 turns).

sanka the Zephyrmancer (Tengu Air Elementalist)    Turns: 19897, Time: 00:42:16

HP:   -2/86 (87)    AC:  9    Str:  9    XL:     13   Next: 15%
MP:   6/23          EV: 32    Int: 19    God:    Vehumet [****..]
Gold: 534           SH:  0    Dex: 22    Spells: 14/24 levels left

rFire   . . .        a - +9 staff of Olgreb {rPois∞}
rCold   . . .        i - orb {*channel}
rNeg    . . .        G - +0 steam dragon scales
rPois   ∞            (helmet restricted)
rElec   .            p - +0 cloak
rCorr   .            S - +2 pair of gloves
SInv    .            (boots unavailable)
Will    .....        F - amulet of faith
Stlth   ++           B - +5 ring of evasion
HPRegen 0.34/turn    P - +6 ring of dexterity
MPRegen 0.18/turn

%: acrobat, faith, channel magic (20%)
@: flying, lightly drained
A: beak, talons 3, evasive flight, acrobatic
a: Renounce Religion, Evoke the Staff of Olgreb


You were on level 11 of the Dungeon.
You worshipped Vehumet.
Vehumet was greatly pleased with you.
You visited 2 branches of the dungeon, and saw 14 of its levels.
You also visited: Bailey.

You collected 846 gold pieces.
You spent 312 gold pieces at shops.


Innate Abilities, Weirdness & Mutations

You have a beak for a mouth.
You have claws for feet.
Your magical flight helps you evade attacks. (EV +4)
You can magically evade attacks while moving or waiting.


   Skills:
 + Level 12.3 Fighting
 + Level 13.5 Dodging
 - Level 2.0 Stealth
 - Level 6.0 Spellcasting
 - Level 8.0 Conjurations
 - Level 14.0 Air Magic


You had 14 spell levels left.
You knew the following spells:

 Your Spells              Type           Power      Damage    Failure   Level
s - Swiftness             Air            56%        N/A       1%          3
x - Airstrike             Air            28%        2d(4-20)  1%          4
z - Shock                 Conj/Air       100%       1d9       1%          1
Z - Static Discharge      Conj/Air       94%        3-7/arc   1%          2

Your spell library contained the following spells:

 Spells                   Type           Power      Damage    Failure   Level
 Orb of Destruction       Conj           18%        9d8       75%         7
 Mercury Vapours          Alch/Air       96%        N/A       1%          2
 Mephitic Cloud           Conj/Alch/Air  50%        N/A       1%          3
 Dazzling Flash           Conj/Hex       40%        N/A       4%          3
 Freezing Cloud           Conj/Ice/Air   16%        6-21      10%         5
 Volatile Blastmotes      Fire/Tloc      10%        2d10      17%         3
 Call Canine Familiar     Summ           5%         N/A       54%         3
 Sigil of Binding         Hex            5%         N/A       54%         3
 Maxwell's Capacitive Co  Air            28%        ∞         63%         8
 Starburst                Conj/Fire      10%        6d5       73%         6
 Dimensional Bullseye     Hex/Tloc       2%         N/A       88%         4
 Summon Forest            Summ/Tloc      2%         N/A       99%         5
 Summon Mana Viper        Hex/Summ       5%         N/A       99%         5
 Summon Cactus Giant      Summ           2%         N/A       100%        6

Inventory:

Hand Weapons
 a - the +9 staff of Olgreb (weapon) {rPois∞}

   Radiate:   It can be activated via the 'a'bility menu to radiate toxic
   energy, with effectiveness depending on Evocations skill.
   Alch:      It enhances your alchemy magic.
   rPois∞: It grants immunity to poison.
Missiles
 t - 2 throwing nets {=f}
 D - 2 curare-tipped darts {=f}
Armour
 i - an orb of energy (worn)
 p - a +0 cloak (worn)
 q - a +2 robe of cold resistance
 v - a +2 kite shield of fire resistance
 G - +0 steam dragon scales (worn)
 S - a +2 pair of gloves (worn)
Magical Staves
 H - a staff of fire
Jewellery
 y - a ring of poison resistance
 B - a +5 ring of evasion (left hand)
 F - an amulet of faith (around neck)
 K - a ring of magical power
 P - a +6 ring of dexterity (right hand)
 Q - an amulet of guardian spirit
 R - a +6 ring of strength
Wands
 l - a wand of polymorph (12)
 A - a wand of roots (16)
 J - a wand of mindburst (8)
Scrolls
 d - 4 scrolls of fear
 f - 5 scrolls of noise {!r}
 g - a scroll of vulnerability {!r}
 h - 6 scrolls of amnesia
 k - 2 scrolls of brand weapon
 o - a scroll of torment {!r}
 s - 5 scrolls of teleportation {@r4}
 u - a scroll of enchant weapon
 w - a scroll of blinking {unknown}
 x - a scroll of revelation
 C - 2 scrolls of poison
 L - 2 scrolls of enchant armour
 M - a scroll of immolation {!r}
 N - a scroll of butterflies
Potions
 b - 2 potions of magic
 c - 7 potions of curing {@q1}
 e - 4 potions of berserk rage {unknown}
 j - 4 potions of heal wounds {unknown}
 m - 3 potions of degeneration {unknown}
 n - a potion of lignification {unknown}
 r - a potion of might {unknown}
 z - a potion of cancellation {unknown}
 I - a potion of haste {unknown}
 O - a potion of mutation {unknown}

Dungeon Overview and Level Annotations

Branches:
Dungeon (13/15)            Temple (1/1) D:6            Lair (0/5) D:9
    Orc (0/2) D:10         Bailey (visited)
 Vaults: D:13-14

Altars:
Ashenzari
Cheibriados
Dithmenos
Elyvilon
Fedhas
Gozag
Hepliaklqana
Kikubaaqudgha
Makhleb
Nemelex Xobeh
Okawaru
Qazlal
Ru
Sif Muna
Trog
Uskayaw
Vehumet
Wu Jian
Xom
Yredelemnul
Zin
The Shining One
Jiyva

Shops:
D:9 ?   D:10 :

Annotations:
D:4 3 runed translucent doors, heinrich's ghost, amateur TrMo
D:7 1 runed translucent door
D:9 exclusion: downstairs
D:10 exclusion: downstairs
D:13 Erolcha; Josephine

▒▒▒.z.....P......▒▒▒▒▒▒...)..▒
▒.▒..............▒#...▒......▒
▒.▒▒▒▒▒▒▒▒.......▒....▒......▒
▒........▒.......▒....▒......▒
▒........▒.......▒....▒......▒▒▒▒
▒........▒▒▒▒▒▒▒▒▒....▒..........
......................▒..........
......................▒..........
................Q.(...▒▒▒▒.......
...............3.........▒.......
...▒▒▒▒▒'▒▒.......[......▒..P....
...▒......▒..............▒....P..
...▒......▒..............▒.....▒▒
...▒......▒..▒▒▒)▒▒▒▒▒▒▒▒▒..8P...
▒▒[▒▒▒▒▒▒▒▒..▒...(...........▒...
.'...........▒...............'...
.▒▒▒▒▒▒......▒...............▒▒▒▒


You could see a sun demon.


Message History

The sun demon misses you.
There is a stone staircase leading up here.
The sun demon completely misses you.
You fly upwards.
There is a stone staircase leading down here.
Unknown command.
Aiming: Airstrike (mildly dangerous; 1% risk of failure)
Press: ? - help, Dir - move target, f - sun demon
Aim: a sun demon (empty space bonus: 7/8)
The air twists around and strikes the sun demon.
The sun demon is lightly wounded.
The sun demon completely misses you.
Unknown command.
Aiming: Airstrike (mildly dangerous; 1% risk of failure)
Press: ? - help, Dir - move target, f/p - sun demon
Aim: a sun demon (lightly wounded, empty space bonus: 7/8)
The air twists around and strikes the sun demon.
The sun demon is lightly wounded.
The sun demon hits you!
* * * LOW HITPOINT WARNING * * *
You are engulfed in flames!
* * * LOW HITPOINT WARNING * * *
Aiming: Airstrike (mildly dangerous; 1% risk of failure)
Press: ? - help, Dir - move target, f/p - sun demon
Aim: a sun demon (lightly wounded, empty space bonus: 7/8)
The air twists around and strikes the sun demon!!
The sun demon is heavily wounded.
The sun demon hits you but does no damage.
The sun demon hits you!
You die...

Action                     |  1- 3 |  4- 6 |  7- 9 | 10-12 | 13-15 || total
---------------------------+-------+-------+-------+-------+-------++-------
  Melee: Unarmed           |     2 |       |       |       |       ||     2
         Peck              |     1 |     1 |       |    38 |     2 ||    42
         Dagger            |     4 |     5 |       |       |       ||     9
         Kick              |     1 |     1 |     2 |    67 |     4 ||    75
         Flail             |       |     1 |     3 |       |       ||     4
         Long sword        |       |       |     3 |    15 |       ||    18
         Staff             |       |       |       |   151 |    10 ||   161
   Cast: Shock             |    69 |   142 |   218 |   189 |       ||   618
         Airstrike         |       |       |    10 |   240 |    31 ||   281
         Static Discharge  |       |       |     9 |    13 |       ||    22
    Use: Scroll            |       |       |       |    11 |       ||    11
         Potion            |       |       |       |     1 |       ||     1
 Armour: Robe              |     4 |    12 |    25 |    38 |       ||    79
         Steam dragon scal |       |       |       |   116 |    13 ||   129
  Dodge: Dodged            |     7 |    25 |    69 |   659 |    43 ||   803

Levels and vault maps discovered:
D:1:      nzn_arrival_water_spiral, layout_rooms, basic_ecumenical_altar
D:2:      layout_loops_ring, basic_altar, hangedman_glass_teeth
D:3:      layout_basic, mainiacjoe_overflow_six_doors_small,
          minmay_stone_trees_medium, minmay_shallow_snake_nest
D:4:      layout_loops_ring, gammafunk_ghost_icy, chequers_mini_garden,
          chequers_avenue, hangedman_decor_clover_reticule, uniq_edmund
D:5:      layout_basic, mainiacjoe_overflow_paths, kennysheep_generic_room_3
D:6:      layout_loops_corners, minmay_temple_entry_mist, uniq_menkaure,
          uniq_pikel, uniq_prince_ribbit1, uniq_blork_the_orc
D:7:      layout_basic, evilmike_ruin_ashenzari, grunt_ministairs_11,
          minmay_guarded_unrand_staff_of_olgreb, uniq_jeremiah
D:8:      layout_loops_cross, xom_shifter_show, enter_bailey_2, jiyva_altar_1
D:9:      layout_basic, mainiacjoe_overflow_24_doors,
          nemelex_diamond_rough_becter, erik_lair_dragon, serial_shops,
          nicolae_shop_rolled_up, kennysheep_another_room,
          minmay_fractal_squares_diagonal_5, uniq_grum
D:10:     layout_loops_corners, hiddenorc1_lemuel, nicolae_shop_vocational
D:11:     layout_irregular_city, serial_undead, serial_undead_d,
          serial_undead_b, serial_undead_e, serial_undead_c, serial_undead_f,
          serial_undead_b, uniq_snorg, uniq_gastronok
D:12:     layout_cave_pools
D:13:     layout_cave_pods, hellmonk_vaults_keyhole, serial_demonic,
          serial_demonic_f, serial_demonic_b, serial_demonic_g,
          serial_demonic_b, grunt_dithmenos_shadows, uniq_josephine,
          uniq_frances, uniq_erolcha
Temple:   eino_temple_scatter_basement

Notes
Turn   | Place    | Note
-------+----------+-------------------------------------------
     0 | D:1      | sanka the Tengu Air Elementalist began the quest for the
                  | Orb.
     0 | D:1      | Reached XP level 1. HP: 10/10 MP: 4/4
    92 | D:1      | Reached skill level 2 in Conjurations
   192 | D:1      | Reached XP level 2. HP: 15/15 MP: 1/6
   311 | D:1      | Reached skill level 3 in Conjurations
   395 | D:1      | Reached XP level 3. HP: 16/19 MP: 1/7
   525 | D:1      | Reached skill level 4 in Conjurations
   528 | D:1      | Learned a level 2 spell: Static Discharge
   532 | D:1      | Learned a level 3 spell: Swiftness
  1023 | D:1      | Found a faded altar of an unknown god.
  1103 | D:2      | Reached XP level 4. HP: 24/24 MP: 4/8
  1645 | D:2      | Found a snail-covered altar of Cheibriados.
  1863 | D:2      | Reached skill level 5 in Conjurations
  1863 | D:2      | Reached skill level 5 in Air Magic
  2353 | D:3      | Reached XP level 5. HP: 26/28 MP: 1/9
  2747 | D:3      | Reached skill level 6 in Conjurations
  2747 | D:3      | Reached skill level 6 in Air Magic
  2750 | D:3      | Reached XP level 6. HP: 25/32 MP: 5/10
  3018 | D:3      | Found a hazy altar of Hepliaklqana.
  3510 | D:4      | Noticed an ice beast
  3510 | D:4      | Noticed heinrich's ghost (amateur TrMo)
  3606 | D:4      | Noticed Edmund
  3631 | D:4      | Killed Edmund
  3632 | D:4      | Reached skill level 7 in Conjurations
  3632 | D:4      | Reached skill level 7 in Air Magic
  3632 | D:4      | Gained mutation: Your magical flight helps you evade
                  | attacks. (EV +4) [Tengu growth]
  3632 | D:4      | Reached XP level 7. HP: 36/36 MP: 3/11
  3696 | D:4      | Learned a level 4 spell: Airstrike
  4208 | D:4      | Found a runed translucent gate.
  4208 | D:4      | Found a runed translucent gate.
  4208 | D:4      | Found a runed translucent gate.
  4740 | D:5      | Entered Level 5 of the Dungeon
  4853 | D:5      | Reached skill level 8 in Conjurations
  4853 | D:5      | Reached skill level 8 in Air Magic
  4921 | D:5      | Reached skill level 9 in Air Magic
  4946 | D:5      | Found a snail-covered altar of Cheibriados.
  4951 | D:5      | Reached XP level 8. HP: 41/41 MP: 10/12
  5525 | D:5      | Reached skill level 10 in Air Magic
  6000 | D:6      | Reached skill level 3 in Spellcasting
  6198 | D:6      | Noticed Menkaure
  6202 | D:6      | Killed Menkaure
  6203 | D:6      | Reached skill level 11 in Air Magic
  6330 | D:6      | Reached skill level 4 in Spellcasting
  6330 | D:6      | Reached XP level 9. HP: 45/45 MP: 6/16
  6460 | D:6      | Found a staircase to the Ecumenical Temple.
  6509 | Temple   | Entered the Ecumenical Temple
  6518 | Temple   | Became a worshipper of Vehumet
  6565 | D:6      | Reached skill level 12 in Air Magic
  6832 | D:6      | Noticed Prince Ribbit
  6904 | D:6      | Killed Prince Ribbit
  7114 | D:6      | Noticed Pikel
  7131 | D:6      | Killed Pikel
  7132 | D:6      | Reached skill level 5 in Spellcasting
  7132 | D:6      | Reached skill level 13 in Air Magic
  7606 | D:6      | Noticed Blork the orc
  7616 | D:6      | Killed Blork the orc
  7916 | D:7      | Noticed Jeremiah
  7923 | D:7      | Reached skill level 14 in Air Magic
  7930 | D:6      | Reached skill level 6 in Spellcasting
  8034 | D:7      | Reached skill level 1 in Fighting
  8070 | D:7      | Killed Jeremiah
  8071 | D:7      | Reached skill level 2 in Fighting
  8071 | D:7      | Reached skill level 3 in Dodging
  8071 | D:7      | Reached XP level 10. HP: 43/53 MP: 7/20
  8174 | D:7      | Found a runed translucent door.
  8175 | D:7      | Found a runed translucent gate.
  8189 | D:7      | Found the +9 staff of Olgreb {rPois∞}
  8434 | D:7      | Reached * piety under Vehumet
  8434 | D:7      | Offered knowledge of Freeze by Vehumet.
  8435 | D:7      | Reached skill level 4 in Dodging
  8465 | D:7      | Reached skill level 3 in Fighting
  8706 | D:7      | Found a runed translucent gate.
  8706 | D:7      | Found a runed translucent gate.
  8707 | D:7      | Found a runed translucent door.
  8732 | D:7      | Found a broken altar of Ashenzari.
  9664 | D:6      | Reached skill level 4 in Fighting
  9664 | D:6      | Reached skill level 5 in Dodging
 10212 | D:7      | Reached skill level 6 in Dodging
 10214 | D:7      | Reached skill level 5 in Fighting
 10440 | D:8      | Identified +0 steam dragon scales
 10546 | D:8      | Offered knowledge of Searing Ray by Vehumet.
 10654 | D:8      | Reached ** piety under Vehumet
 10687 | D:8      | Found a flagged portal.
 10695 | Bailey   | Entered a bailey
 10695 | Bailey   | Identified a +0 crystal plate armour
 10839 | Bailey   | Noticed an orc knight
 10857 | Bailey   | Reached skill level 6 in Fighting
 10857 | Bailey   | Reached skill level 7 in Dodging
 11071 | Bailey   | Killed an orc knight
 11072 | Bailey   | Reached XP level 11. HP: 66/66 MP: 14/21
 11177 | Bailey   | Identified +2 shadow dragon scales
 11276 | Bailey   | Offered knowledge of Mephitic Cloud by Vehumet.
 11277 | Bailey   | Reached skill level 8 in Dodging
 11581 | D:8      | Identified the +0 pair of boots of the Lost Beds {^Contam
                  | rC++ Will+++ Slay+3}
 11692 | D:8      | Found a shimmering altar of Xom.
 11692 | D:8      | Found a shimmering altar of Xom.
 11692 | D:8      | Found a shimmering altar of Xom.
 11692 | D:8      | Found a shimmering altar of Xom.
 11788 | D:8      | Reached skill level 7 in Fighting
 11790 | D:8      | Reached *** piety under Vehumet
 12105 | D:8      | Found a viscous altar of Jiyva.
 12327 | D:9      | Identified +0 acid dragon scales
 12473 | D:9      | Found a blossoming altar of Fedhas.
 12475 | D:9      | Offered knowledge of Sticky Flame by Vehumet.
 12675 | D:9      | Noticed a two-headed ogre
 12691 | D:9      | Killed a two-headed ogre
 12863 | D:9      | Reached skill level 9 in Dodging
 12882 | D:9      | Noticed a two-headed ogre
 13012 | D:9      | Killed a two-headed ogre
 13013 | D:9      | Reached skill level 8 in Fighting
 13097 | D:9      | Noticed a two-headed ogre
 13102 | D:9      | Killed a two-headed ogre
 13725 | D:9      | Identified +0 steam dragon scales
 13726 | D:9      | Reached skill level 10 in Dodging
 13846 | D:9      | Reached skill level 9 in Fighting
 13968 | D:9      | Found a staircase to the Lair.
 14076 | D:9      | Found Homoy's Magic Scroll Shoppe.
 14248 | D:9      | Noticed Grum
 14272 | D:9      | Killed Grum
 14519 | D:9      | Reached **** piety under Vehumet
 14637 | D:9      | Found a sparkling altar of Nemelex Xobeh.
 14809 | D:9      | Bought a scroll of identify for 26 gold pieces
 14809 | D:9      | Bought a scroll of teleportation for 39 gold pieces
 14809 | D:9      | Bought a scroll of fear for 52 gold pieces
 14809 | D:9      | Bought a scroll of immolation for 52 gold pieces
 14809 | D:9      | Bought a scroll of noise for 13 gold pieces
 14809 | D:9      | Bought a scroll of butterflies for 52 gold pieces
 14809 | D:9      | Bought a scroll of poison for 52 gold pieces
 14809 | D:9      | Bought a scroll of identify for 26 gold pieces
 14843 | D:10     | Entered Level 10 of the Dungeon
 14940 | D:10     | Offered knowledge of Frozen Ramparts by Vehumet.
 14941 | D:10     | Reached XP level 12. HP: 76/76 MP: 22/22
 15494 | D:10     | Found Cutic's Vocational Training.
 15953 | D:10     | Found a staircase to the Orcish Mines.
 16160 | D:11     | Noticed Snorg
 16172 | D:11     | Killed Snorg
 16173 | D:11     | Reached skill level 10 in Fighting
 16173 | D:11     | Reached skill level 11 in Dodging
 16803 | D:11     | Noticed a two-headed ogre
 16848 | D:11     | Killed a two-headed ogre
 17278 | D:11     | Noticed Gastronok
 17308 | D:11     | Reached skill level 12 in Dodging
 17311 | D:11     | HP: 6/79 [Gastronok/the air (21)]
 17578 | D:11     | Reached ***** piety under Vehumet
 17578 | D:11     | Offered knowledge of Orb of Destruction by Vehumet.
 17603 | D:11     | Killed Gastronok
 17604 | D:11     | Reached skill level 11 in Fighting
 18829 | D:11     | Reached skill level 13 in Dodging
 18914 | D:11     | Reached XP level 13. HP: 85/85 MP: 4/23
 19051 | D:11     | Reached skill level 12 in Fighting
 19879 | D:13     | Noticed Josephine
 19881 | D:13     | Noticed Erolcha
 19896 | D:11     | HP: 7/86 [sun demon (11)]
 19897 | D:11     | Slain by a sun demon

Vanquished Creatures
  Gastronok (D:11)
  Snorg (D:11)
  4 two-headed ogres
  4 skeletal warriors (D:11)
  Pikel (D:6)
  An orc knight (Bailey)
  A cyclops (D:11)
  6 centaur zombies (D:11)
  2 manticores
  An unseen horror (D:12)
  2 komodo dragons (D:9)
  A kobold demonologist (D:10)
  Jeremiah (D:7)
  5 trolls
  Prince Ribbit (D:6)
  6 vampires
  5 yaks (D:9)
  5 shadows
  6 wyverns
  5 wraiths
  Grum (D:9)
  3 steam dragons
  3 redbacks
  Menkaure (D:6)
  Edmund (D:4)
  An acid dragon (D:9)
  2 water moccasins
  12 orc warriors
  3 sky beasts
  2 ice beasts (D:5)
  A black bear (D:5)
  5 ogres
  A centaur (D:6)
  4 wolves (D:9)
  A phantom (D:5)
  Blork the orc (D:6)
  3 bullfrogs
  5 kobold brigands
  A gnoll sergeant (D:6)
  10 scorpions
  8 wights (D:8)
  17 killer bees
  6 howler monkeys
  2 hounds (D:6)
  7 jellies
  A bombardier beetle (D:5)
  A gnoll bouda (D:3)
  10 orc priests
  5 iguanas
  A sleepcap (D:6)
  13 orc wizards
  9 gnolls
  9 adders
  2 white imps
  4 ufetubi (D:6)
  4 ribbon worms
  5 dart slugs
  48 orcs
  3 endoplasms (D:1)
  3 giant cockroaches
  4 goblins
  8 hobgoblins
  2 jackals (D:1)
  5 quokkas
  12 ball pythons
  8 bats
  6 frilled lizards
  29 kobolds
  8 rats
360 creatures vanquished.
